 Dungeon Crawl Stone Soup version 0.28.0-45-g0d030f2227 (webtiles) character file.

Game seed: 13996488563641591000

468 Revguard the Digger (level 6, 0/62 HPs)
             Began as a Troll Earth Elementalist on Apr 15, 2022.
             Slain by an orc
             ... wielding a +0 mace
              (7 damage)
             ... on level 4 of the Dungeon.
             The game lasted 00:13:34 (3251 turns).

Revguard the Digger (Troll Earth Elementalist)      Turns: 3251, Time: 00:13:34

Health: 0/62       AC:  6    Str: 15      XL:     6   Next: 81%
Magic:  7/8        EV: 10    Int: 16 (17) God:
Gold:   182        SH:  0    Dex:  8 (10) Spells: 3/9 levels left

rFire   + + .      SeeInvis .     - Unarmed
rCold   + . .      Faith    .   (no shield)
rNeg    . . .      Spirit   .   d - +1 robe {rF+}
rPois   +          Reflect  +   (helmet restricted)
rElec   +          Harm     .   h - +0 cloak
rCorr   +          Rampage  .   (gloves unavailable)
Will    .....                   (boots unavailable)
Stlth   +.........              j - amulet of reflection
HPRegen 1.00/turn               (no ring)
MPRegen 0.11/turn               (no ring)

@: confused, resistant
A: large, unfitting armour, claws 3, regeneration 1, shaggy fur 1, tough skin 1,
clever 2, robust 1, weak 1
a: no special abilities


You were on level 4 of the Dungeon.
You visited 1 branch of the dungeon, and saw 4 of its levels.
You also visited: Sewer.

You collected 182 gold pieces.

Inventory:

Missiles
 c - 139 stones
 e - a throwing net
Armour
 d - a +1 robe of fire resistance (worn)
 h - a +0 cloak (worn)
Jewellery
 j - an amulet of reflection (around neck)
Scrolls
 a - a scroll of identify
 b - a scroll of brand weapon {unknown}
 f - 2 scrolls of blinking
 g - a scroll of teleportation
Potions
 l - 2 potions of resistance


   Skills:
 + Level 1.7 Fighting
 + Level 1.8 Armour
 + Level 2.4 Dodging
 - Level 1.0 Stealth
 + Level 2.0 Unarmed Combat
 * Level 2.4 Spellcasting
 + Level 1.4 Conjurations
 - Level 1.0 Transmutations
 + Level 3.6 Earth Magic


You had 3 spell levels left.
You knew the following spells:

 Your Spells              Type           Power      Damage    Failure   Level
a - Sandblast             Erth           26%        2d8       4%          1
b - Stone Arrow           Conj/Erth      20%        3d8       22%         3
c - Passwall              Tmut/Erth      7%         N/A       12%         2

Your spell library contained the following spells:

 Spells                   Type           Power      Damage    Failure   Level
 Petrify                  Tmut/Erth      9%         N/A       58%         4


Dungeon Overview and Level Annotations

Branches:
Dungeon (4/15)              Sewer (visited)
 Temple: D:4-7

Altars:
Dithmenos
Hepliaklqana


Innate Abilities, Weirdness & Mutations

You are too large for most types of armour.
You have claws for hands.
Your natural rate of healing is unusually fast.
You are covered in fur. (AC +1)
You have tough skin. (AC +1)
Your mind is very acute. (Int +4)
You are robust. (+10% HP)
You are weak. (Str -2)


Message History

You completely miss the orc. Something hits you but does no damage.
The orc hits you but does no damage. The orc hits you with a +0 mace.
The hound skeleton bites you but does no damage.
The orc misses you.
You scratch the orc.
The orc is moderately wounded.
Something hits you but does no damage. The orc closely misses you.
You block the hound skeleton's attack. You block the orc's attack.
The orc hits you but does no damage.
You scratch the orc.
The orc is severely wounded.
You block the hound skeleton's attack. Something hits you but does no damage.
The orc hits you with a +0 hand axe. The orc hits you with a +0 mace.
The orc barely misses you.
The hound skeleton completely misses you.
You barely miss the orc.
The orc is severely wounded.
Something hits you. The orc closely misses you.
The orc hits you with a +0 mace.
* * * LOW HITPOINT WARNING * * *
The hound skeleton bites you but does no damage.
The orc barely misses you.
You hear some strange, mumbled words.
You are confused.
The orc barely misses you. The hound skeleton bites you.
* * * LOW HITPOINT WARNING * * *
The orc hits you with a +0 club.
* * * LOW HITPOINT WARNING * * *
You scratch the hound skeleton.
The hound skeleton is lightly damaged.
The hound skeleton closely misses you. The orc hits you with a +0 mace.
* * * LOW HITPOINT WARNING * * *
The orc hits you with a +0 club.
* * * LOW HITPOINT WARNING * * *
Okay, then.
You feel protected. The hound skeleton bites you.
* * * LOW HITPOINT WARNING * * *
The orc hits you with a +0 mace!
You die...

.....(..... ........h.. ##.###...
...........####.......#
..........##..........##
...........#......... .. .....
#.......#........... ... ....
##.......###......# #.#....
##....#......#oo...##.. #......
..........##...@....... ....##.
..........###.oZ....... ###....
.......................####......
...##..................#.........
...#......#............#...#.....
..#.......##.....................
#.........................##.....
#....#.##..................#.....
........#....<.............#.##..


You could see 3 orcs and a hound skeleton.

Vanquished Creatures
  A black bear (D:4)
  A kobold brigand (Sewer)
  A centaur skeleton (D:4)
  An orc priest (D:4)
  A hound (D:4)
  4 gnolls (D:3)
  8 adders
  A river rat (Sewer)
  5 worms
  A dart slug (D:3)
  An orc (D:3)
  3 ball pythons
  5 bats
  11 endoplasms
  8 giant cockroaches
  5 hobgoblins
  A jackal (D:2)
  10 kobolds
  5 quokkas
  A frilled lizard (D:1)
  6 goblins
  7 rats
87 creatures vanquished.

Notes
Turn   | Place    | Note
-------+----------+-------------------------------------------
     0 | D:1      | Revguard the Troll Earth Elementalist began the quest for
                  | the Orb.
     0 | D:1      | Reached XP level 1. HP: 16/16 MP: 1/1
   246 | D:1      | Reached XP level 2. HP: 24/24 MP: 3/3
   429 | D:1      | Reached skill level 1 in Transmutations
  1003 | D:2      | Found a faded altar of an unknown god.
  1227 | D:2      | Reached XP level 3. HP: 32/32 MP: 4/4
  1231 | D:2      | Learned a level 3 spell: Stone Arrow
  1409 | D:2      | Reached skill level 3 in Earth Magic
  1594 | D:2      | Reached skill level 1 in Unarmed Combat
  1604 | D:2      | Reached XP level 4. HP: 40/40 MP: 5/5
  1707 | D:3      | Reached skill level 1 in Armour
  1728 | D:3      | Reached skill level 1 in Fighting
  1855 | D:3      | Found a hazy altar of Hepliaklqana.
  1856 | D:3      | Found a shadowy altar of Dithmenos.
  1856 | D:3      | Noticed a shadow
  1906 | D:3      | Reached XP level 5. HP: 45/48 MP: 6/6
  2175 | D:3      | Found a glowing drain.
  2202 | Sewer    | Entered a sewer
  2471 | Sewer    | Reached skill level 1 in Conjurations
  2509 | Sewer    | Gained mutation: You are weak. (Str -2) [potion of
                  | mutation]
  2509 | Sewer    | Gained mutation: You are robust. (+10% HP) [potion of
                  | mutation]
  2509 | Sewer    | Gained mutation: Your mind is acute. (Int +2) [potion of
                  | mutation]
  2509 | Sewer    | Gained mutation: Your mind is very acute. (Int +4) [potion
                  | of mutation]
  2612 | Sewer    | Learned a level 2 spell: Passwall
  2782 | D:3      | Reached XP level 6. HP: 45/60 MP: 8/8
  3251 | D:4      | Slain by an orc

Illustrated notes

Levels and vault maps discovered:
D:1:      dpeg_arrival_prison, layout_loops_ring, hex_tiny, serial_bayou_pond_b,
          minmay_door_square
D:2:      minmay_alternating_diamond, layout_loops_cross,
          ebering_ecumenical_altar_mist, minmay_distorted
D:3:      layout_rooms, riverfiend_overflow_shadow_ancestor,
          gup_sewer_entry_glass, corner_web_ring, small_statue_intersection,
          grunt_ministairs_3
D:4:      layout_cave_pools, uniq_menkaure

Skill      XL: |  1  2  3  4  5  6 |
---------------+-------------------+-----
Transmutations | 1 |  1.0
Earth Magic    | 3 |  3.6
Unarmed Combat | 1 2 |  2.0
Armour         | 1 |  1.8
Dodging        | 2 |  2.4
Fighting       | 1 |  1.7
Spellcasting   | 2 |  2.4
Conjurations   | 1 |  1.4
Stealth        | |  1.0

Action                   |  1- 3 |  4- 6 || total
-------------------------+-------+-------++-------
Melee: Unarmed           |   132 |   226 ||   358
       Punch             |     2 |     5 ||     7
 Cast: Sandblast         |       |    14 ||    14
  Use: Potion            |     3 |     7 ||    10
       Scroll            |     2 |     6 ||     8
 Stab: Sleeping          |     2 |       ||     2
       Distracted        |       |     1 ||     1
Armor: Robe              |    70 |   152 ||   222
Dodge: Dodged            |    75 |   191 ||   266
Block: Other             |       |    44 ||    44
